Unix NetHack Version 5.0.0-0 post-release - last build May 23 2026 06:08:33 (1c0ff79ee797540d5714e4e18072db0edd9e58ae,branch:main).

Game began 2026-05-23 17:54:25, ended 2026-05-23 18:02:05.

Jobair, neutral female human Tourist

                                                        --------+--
                                                        |.........|
                                                        .........<|
                                                        |......d..|
                                                        ...!....B.|
                                                        |...$..@..|
                                                        -----------

Jobair the Sightseer        St:14 Dx:10 Co:12 In:10 Wi:10 Ch:17  Neutral
Dlvl:3  $:425 HP:0(20) Pw:14(14) AC:10 Xp:3 T:961  Hungry  

Latest messages:
 Perhaps that's why you cannot move it.
 You swap places with Godzilla.
 You are beginning to feel hungry.
 The lichen touches you!
 You hit the lichen.
 You miss the lichen.
 The lichen touches you!
 You miss the lichen.
 You hit the lichen.
 You kill the lichen!
 You swap places with Godzilla.
 You miss the lichen.
 You miss the lichen.
 Godzilla misses the lichen.
 You miss the lichen.
 Godzilla bites the lichen.
 The lichen is killed!
 You descend the stairs.
 Drink from the fountain? [yn] (n) y
 The cool draught refreshes you.
 The fountain dries up!
 What do you want to use or apply?
 In what direction? 4
 The giant bat is blinded by the flash!
 Godzilla misses the giant bat.
 The giant bat bites!
 The giant bat bites!
 Godzilla misses the giant bat.
 The giant bat strikes at thin air!
 Godzilla misses the giant bat.
 The giant bat attacks a spot beside you.
 Godzilla bites the giant bat.
 The giant bat misses Godzilla.
 Godzilla misses the giant bat.
 The giant bat bites!
 In what direction? 9
 The dart hits the giant bat!
 Godzilla misses the giant bat.
 The giant bat bites!
 The giant bat bites!
 In what direction? 9
 The dart hits the giant bat.
 Godzilla misses the giant bat.
 The giant bat bites!
 You die...
 Do you want your possessions identified? [ynq] (y) y
 Do you want to see your attributes? [ynq] (y) y
 Do you want an account of creatures vanquished? [ynaq] (y) y
 Do you want to see your conduct and achievements? [ynq] (y) y
 Do you want to see the dungeon overview? [ynq] (y) y

Inventory:
 Coins    ('$')
  $ - 425 gold pieces
 Weapons  (')')
  a - 28 +2 darts (at the ready)
  C - a corroded +2 dart
  z - a blessed +0 orcish dagger
  q - a +0 orcish dagger
 Armor    ('[')
  s - an uncursed +0 orcish helm
  t - an uncursed +0 orcish helm
  l - an uncursed +0 Hawaiian shirt with a flamingo motif
 Comestibles  ('%')
  i - 2 uncursed goobers
  g - an uncursed candy bar labeled "Fruity Oaty"
  c - 2 uncursed cram rations
  h - 7 uncursed food rations
  f - an uncursed fortune cookie
  e - an uncursed lembas wafer
  d - an uncursed pancake
  b - an uncursed tin of szechuan jackal meat
 Scrolls  ('?')
  r - an uncursed scroll of charging
  v - an uncursed scroll of destroy armor
  x - an uncursed scroll of food detection
  o - 2 uncursed scrolls of identify
  k - 4 uncursed scrolls of magic mapping
 Potions  ('!')
  u - an uncursed potion of confusion
  j - 2 uncursed potions of extra healing
  p - 3 uncursed potions of healing
  B - a potion of unholy water named unholy
 Wands    ('/')
  y - a wand of digging (0:5)
 Tools    ('(')
  A - an empty uncursed bag of holding
  n - an uncursed credit card
  m - an expensive camera (0:57)
  w - an uncursed skeleton key
 Gems/Stones  ('*')
  D - 2 uncursed worthless pieces of orange glass

Jobair the Tourist's attributes:

Background:
 You were a Sightseer, a level 3 female human Tourist.
 You were neutral, on a mission for The Lady
 who was opposed by Blind Io (lawful) and Offler (chaotic).
 You were right-handed.
 You were in the Dungeons of Doom, on level 3.
 You entered the dungeon 961 turns ago.
 You had 57 experience points, 23 more were needed to attain level 4.

Basics:
 You had 0 out of 20 hit points.
 You had all 14 energy points (spell power).
 Your armor class was 10.
 Your wallet contained 425 zorkmids.
 Autopickup was off.

Final Characteristics:
 Your strength was 14 (limit:18/100).
 Your dexterity was 10 (limit:18).
 Your constitution was 12 (limit:18).
 Your intelligence was 10 (limit:18).
 Your wisdom was 10 (limit:18).
 Your charisma was 17 (limit:18).

Final Status:
 You were hungry.
 You were unencumbered.
 You were bare handed.
 You were unskilled in bare handed combat.
 You weren't wearing any armor.

Final Attributes:
 You were devoutly aligned.
 You are dead.

Miscellaneous:
 You didn't encounter any bones levels.
 Total elapsed playing time was 7 minutes and 37 seconds.

Major events:
 Turn
    1: Jobair the neutral female human Tourist entered the dungeon
  847: attained the rank of Sightseer (level 3)
  961: killed by a giant bat

You didn't know any spells.

Skills:
 Fighting Skills
   bare handed combat [Unskilled]
   two weapon combat  [Unskilled]
   riding             [Unskilled]
 Weapon Skills
   dagger             [Unskilled]
   knife              [Unskilled]
   axe                [Unskilled]
   pick-axe           [Unskilled]
   short sword        [Unskilled]
   broadsword         [Unskilled]
   long sword         [Unskilled]
   two-handed sword   [Unskilled]
   saber              [Unskilled]
   mace               [Unskilled]
   morning star       [Unskilled]
   flail              [Unskilled]
   hammer             [Unskilled]
   quarterstaff       [Unskilled]
   polearms           [Unskilled]
   spear              [Unskilled]
   trident            [Unskilled]
   lance              [Unskilled]
   bow                [Unskilled]
   sling              [Unskilled]
   crossbow           [Unskilled]
   dart               [Basic]
   shuriken           [Unskilled]
   boomerang          [Unskilled]
   whip               [Unskilled]
   unicorn horn       [Unskilled]
 Spellcasting Skills
   divination spells  [Unskilled]
   enchantment spells [Unskilled]
   escape spells      [Unskilled]

Voluntary challenges:
 Character rerolling was not enabled.
 You were an atheist.
 You never hit with a wielded weapon.
 You never genocided any monsters.
 You never polymorphed an object.
 You never changed form.
 You used no wishes.
Achievements:
 You entered a shop.
 You attained the rank of Sightseer.

 The Dungeons of Doom: levels 1 to 3
    Level 1:
       Some fountains.
    Level 2:
       A food shop.
    Level 3: <- You were here.
       Final resting place for
          you, killed by a giant bat.


Vanquished creatures:
  a shrieker
 an acid blob
  a coyote
  2 giant rats
  a red mold
  3 jackals
  5 goblins
  3 grid bugs
  3 lichens
  a kobold zombie
  a newt
22 creatures vanquished.

No species were genocided or became extinct.

Game over:
                       ----------
                      /          \
                     /    REST    \
                    /      IN      \
                   /     PEACE      \
                  /                  \
                  |      Jobair      |
                  |      425 Au      |
                  |   killed by a    |
                  |    giant bat     |
                  |                  |
                  |                  |
                  |       2026       |
                 *|     *  *  *      | *
        _________)/\\_//(\/(/\)/\//\/|_)_______

Aloha Jobair the Tourist...

You died in The Dungeons of Doom on dungeon level 3 with 338 points,
and 425 pieces of gold, after 961 moves.
You were level 3 with a maximum of 20 hit points when you died.

